 Dungeon Crawl Stone Soup version 0.27.0-1-g7a089689b8 (webtiles) character file.

Game seed: 9147739705098964672

32 SnakkuSnakku7 the Chucker (level 3, -6/28 HPs)
             Began as a Draconian Arcane Marksman on Aug 7, 2021.
             Killed by nerve-wracking pain
             ... invoked by Jessica
              (14 damage)
             ... on level 2 of the Dungeon.
             The game lasted 00:01:21 (1248 turns).

SnakkuSnakku7 the Chucker (DrAM)                    Turns: 1248, Time: 00:01:22

Health: -6/28      AC:  5    Str: 12    XL:     3   Next: 10%
Magic:  4/4        EV: 12    Int: 13    God:
Gold:   42         SH:  0    Dex: 12    Spells: 3/4 levels left

rFire    + . .     SeeInvis .   f - +0 rapier
rCold    . . .     Faith    .   (no shield)
rNeg     . . .     Spirit   .   (armour unavailable)
rPois    .         Reflect  .   (helmet restricted)
rElec    .         Harm     .   (no cloak)
rCorr    .         Rampage  .   (no gloves)
Will     .....                  (no boots)
Stlth    +.........             (no amulet)
HPRegen  0.09/turn              d - ring of protection from fire
MPRegen  0.09/turn              (no ring)

@: no status effects
A: AC +5, unfitting armour, cold-blooded
a: no special abilities


You were on level 2 of the Dungeon.
You visited 1 branch of the dungeon, and saw 2 of its levels.

You collected 42 gold pieces.

Inventory:

Hand Weapons
 f - a +0 rapier (weapon)
Missiles
 a - 5 javelins
 b - 2 throwing nets
 h - 16 poisoned darts (quivered)
Jewellery
 d - a ring of protection from fire (left hand)
Scrolls
 c - 2 scrolls of identify {unknown}
 g - a scroll of enchant weapon {unknown}
 i - a scroll of teleportation {unknown}
Potions
 e - a potion of lignification {unknown}


   Skills:
 - Level 1.1 Fighting
 + Level 3.3 Throwing
 - Level 1.7 Dodging
 - Level 1.0 Spellcasting
 - Level 2.6 Hexes


You had 3 spell levels left.
You knew the following spells:

 Your Spells              Type           Power      Damage    Failure   Level
a - Corona                Hex            7%         N/A       10%         1

Your spell library contained the following spells:

 Spells                   Type           Power      Damage    Failure   Level
 Slow                     Hex            7%         N/A       14%         2
 Inner Flame              Hex/Fire       4%         N/A       43%         3
 Portal Projectile        Hex/Tloc       8%         N/A       43%         3
 Cause Fear               Hex            3%         N/A       67%         4


Dungeon Overview and Level Annotations

Branches:
Dungeon (2/15)

Altars:

Annotations:
D:2 Jessica


Innate Abilities, Weirdness & Mutations

Your plain brown scales are hard. (AC +5)
You cannot fit into any form of body armour.
You are cold-blooded and may be slowed by cold attacks.


Message History

Found a stone staircase leading down.
Jessica the Apprentice Sorceress comes into view.
She is wielding a +0 club.
Jessica is nearby!
Found 27 sling bullets and 8 gold pieces.
Found 29 arrows.
You hit Jessica.
Your tail-slap misses Jessica.
Jessica is lightly wounded.
Jessica barely misses you. Jessica casts a spell at you.
Pain shoots through your body!
You hit Jessica but do no damage.
Jessica is lightly wounded.
Jessica closely misses you.
You hit Jessica.
Jessica is severely wounded.
Jessica hits you with a +0 club.
You barely miss Jessica.
Your tail-slap misses Jessica.
Jessica is severely wounded.
Jessica misses you.
You closely miss Jessica.
Jessica is severely wounded.
Jessica gestures wildly while chanting.
Jessica seems to speed up.
You hear an angry hiss.
You barely miss Jessica.
Jessica is severely wounded.
Jessica points at you and mumbles some strange words.
You barely resist.
An adder comes into view.
Jessica hits you with a +0 club.
* * * LOW HITPOINT WARNING * * *
Throw: 17 darts (poison)
Press: ? - help, Q - select action, (/) - cycle Shift-Dir - straight line, f - Jessica
Aim: Jessica, wielding a +0 club and wearing a +0 robe (heavily wounded, fast, 57% to hit)
You throw a poisoned dart. The poisoned dart hits Jessica.
Jessica is poisoned.
Jessica is heavily wounded.
Jessica points at you and mumbles some strange words.
Pain shoots through your body!
Ouch! That really hurt!
You die...

. #.
####.#.....#
... #.
#.##.#.#)#.#
....##.
#(...#.#.#.#
..(....
#.####...#.#
(...##.###.#
#####.#
.......>...#
#.#
...#.#.####
#.# #...#
#.#
.....##@#
####.# ####
#@# #....#
#.# #.####
#.# #.# #S#
#.# ..# #<#
..# ### ..#


You could see an adder and Jessica (fast, poisoned).

Vanquished Creatures
  2 dart slugs (D:1)
  4 bats (D:1)
  3 endoplasms (D:1)
  A giant cockroach (D:1)
  6 hobgoblins (D:1)
  3 ball pythons (D:1)
  A frilled lizard (D:1)
  2 goblins (D:1)
  4 rats (D:1)
26 creatures vanquished.

Notes
Turn   | Place    | Note
-------+----------+-------------------------------------------
     0 | D:1      | SnakkuSnakku7 the Draconian Arcane Marksman began the quest
                  | for the Orb.
     0 | D:1      | Reached XP level 1. HP: 16/16 MP: 2/2
    38 | D:1      | Reached skill level 2 in Throwing
   151 | D:1      | Reached XP level 2. HP: 8/23 MP: 3/3
   555 | D:1      | Reached skill level 3 in Throwing
   900 | D:1      | Reached XP level 3. HP: 15/28 MP: 4/4
  1238 | D:2      | Noticed Jessica
  1248 | D:2      | Killed from afar by Jessica

Illustrated notes

Levels and vault maps discovered:
D:1:      lordsloth_arrival_two_stooges, layout_basic, minmay_pentomino_q4
D:2:      layout_basic, uniq_jessica

Skill      XL: |  1  2 |
---------------+-------+-----
Throwing       | 2 3 |  3.3
Fighting       | |  1.1
Dodging        | |  1.7
Spellcasting   | |  1.0
Hexes          | |  2.6

Action                   || total
-------------------------++-------
Melee: Unarmed           ||    44
       Tailslap          ||    11
       Rapier            ||    56
Throw: Javelin           ||     2
       Dart              ||     1
 Stab: Sleeping          ||     1
Armor: Skin              ||    39
Dodge: Dodged            ||    71
